 Dungeon Crawl Stone Soup version 0.31.0-2-g5a2aebc5c2 (webtiles) character file.

Game seed: 11441477622804849688

11 Arctor the Vexing (level 2, 0/16 HPs)
             Began as a Kobold Hexslinger on Jan 21, 2024.
             Slain by an endoplasm (2 damage)
             ... on level 1 of the Dungeon.
             The game lasted 00:00:11 (398 turns).

Arctor the Vexing (Kobold Hexslinger)                Turns: 398, Time: 00:00:12

Health: 0/16       AC:  2    Str:  5    XL:     2   Next: 35%
Magic:  3/3        EV: 15    Int: 14    God:
Gold:   25         SH:  0    Dex: 17    Spells: 3/3 levels left

rFire   . . .        a - +1 sling
rCold   . . .        (no shield)
rNeg    . . .        c - +0 robe
rPois   .            (no helmet)
rElec   .            (no cloak)
rCorr   .            (no gloves)
SInv    .            (no boots)
Will    .....        (no amulet)
Stlth   +++          (no ring)
HPRegen 0.22/turn    (no ring)
MPRegen 0.08/turn

%: no passive effects
@: no status effects
A: small, no large weapons, nightstalker 3
a: no special abilities


You were on level 1 of the Dungeon.
You visited 1 branch of the dungeon, and saw 1 of its levels.

You collected 25 gold pieces.

Inventory:

Hand Weapons
 a - a +1 sling (weapon)
Armour
 c - a +0 robe (worn)
Scrolls
 b - a scroll of poison
Potions
 d - a potion of berserk rage {unknown}
 e - a potion of invisibility {unknown}


   Skills:
 + Level 1.3 Fighting
 + Level 2.9 Ranged Weapons
 + Level 2.6 Dodging
 + Level 1.2 Spellcasting
 + Level 3.1 Hexes
 + Level 1.2 Fire Magic


You had 3 spell levels left.
You didn't know any spells.
Your spell library contained the following spells:

 Spells                   Type           Power      Damage    Failure   Level
 Jinxbite                 Hex            18%        N/A       11%         2
 Sigil of Binding         Hex            9%         N/A       22%         3
 Inner Flame              Hex/Fire       7%         N/A       30%         3
 Cause Fear               Hex            4%         N/A       56%         4
 Dimensional Bullseye     Hex/Tloc       2%         N/A       80%         4


Dungeon Overview and Level Annotations

Branches:
Dungeon (1/15)

Altars:


Innate Abilities, Weirdness & Mutations

You are small and have problems with some larger weapons.
You are completely attuned to the shadows.


Message History

Found a stone staircase leading down.
No target in view!
A dart slug comes into view.
You shoot a sling bullet. The sling bullet hits the dart slug.
The dart slug is heavily wounded.
A dart slug is nearby!
You shoot a sling bullet. The sling bullet hits the dart slug!
You kill the dart slug!
There is a stone staircase leading down here.
A hobgoblin comes into view.
You shoot a sling bullet.
The sling bullet hits the hobgoblin but does no damage.
The hobgoblin shouts!
An endoplasm comes into view.
A giant cockroach comes into view.
You shoot a sling bullet.
The sling bullet hits the hobgoblin but does no damage.
There are monsters nearby!
You shoot a sling bullet.
The sling bullet hits the hobgoblin but does no damage.
The hobgoblin hits you.
There are monsters nearby!
You shoot a sling bullet.
The sling bullet barely misses the hobgoblin.
The hobgoblin hits you. The endoplasm hits you.
You shoot a sling bullet.
The sling bullet barely misses the hobgoblin.
The hobgoblin hits you. The endoplasm freezes you.
You are frozen.
* * * LOW HITPOINT WARNING * * *
There are monsters nearby!
You are too injured to fight recklessly!
Unknown command.
You shoot a sling bullet. The sling bullet hits the hobgoblin.
The hobgoblin is almost dead.
The hobgoblin closely misses you. The hobgoblin misses you.
You shoot a sling bullet. The sling bullet hits the hobgoblin.
You kill the hobgoblin!
The endoplasm hits you.
You die...

..# #.# #.# #
#####.###.# #
#.....@J..#
#.#.###.##B...
#.#.###.# B...
#.......# ....
###>##### ....
###########.#
..†.......#.#
#..######.#.#
#..# #.#.#


You could see an endoplasm and a giant cockroach.

Vanquished Creatures
  A dart slug (D:1)
  2 ball pythons (D:1)
  An endoplasm (D:1)
  2 hobgoblins (D:1)
  A bat (D:1)
  3 frilled lizards (D:1)
10 creatures vanquished.

Notes
Turn   | Place    | Note
-------+----------+-------------------------------------------
     0 | D:1      | Arctor the Kobold Hexslinger began the quest for the Orb.
     0 | D:1      | Reached XP level 1. HP: 12/12 MP: 2/2
   279 | D:1      | Reached XP level 2. HP: 16/16 MP: 3/3
   398 | D:1      | Slain by an endoplasm

Illustrated notes

Levels and vault maps discovered:
D:1:      saegor_arrival_simple_e, layout_loops_corners

Action                     || total
---------------------------++-------
   Fire: Sling             ||    29
 Armour: Robe              ||     9
  Dodge: Dodged            ||    13
